 Dungeon Crawl Stone Soup version 0.24.0-2-g5b39cebb1c (webtiles) character file.

Game seed: 9837673707095809396, levelgen mode: deterministic

145 Mrkan the Grasshopper (level 5, -2/45 HPs)
             Began as a Draconian Warper on Oct 29, 2019.
             Killed from afar by a white imp (6 damage)
             ... with a puff of frost
             ... summoned by Natasha
             ... on level 2 of the Dungeon.
             The game lasted 00:04:36 (1721 turns).

Mrkan the Grasshopper (Draconian Warper)            Turns: 1721, Time: 00:04:36

Health: -2/45      AC:  5    Str: 13    XL:     5   Next: 6%
Magic:  9/9        EV: 12    Int: 15    God:
Gold:   74         SH:  3    Dex: 10    Spells: 7/9 levels left

rFire    . . .     SeeInvis .   a - +0 falchion
rCold    . . .     Gourm    .   k - +0 buckler
rNeg     . . .     Faith    .   (armour unavailable)
rPois    .         Spirit   .   (helmet restricted)
rElec    .         Reflect  .   (no cloak)
rCorr    .         Harm     .   (no gloves)
MR       .....                  (no boots)
Stlth    +.........             (no amulet)
HPRegen  0.15/turn              (no ring)
MPRegen  0.11/turn              (no ring)

@: no status effects
A: unfitting armour, cold-blooded, AC +5
a: no special abilities


You were on level 2 of the Dungeon.
You were not hungry.

You visited 1 branch of the dungeon, and saw 2 of its levels.

You collected 74 gold pieces.

Inventory:

Hand Weapons
 a - a +0 falchion (weapon)
Missiles
 d - 5 boomerangs of dispersal (quivered)
Armour
 k - a +0 buckler (worn)
Scrolls
 c - a scroll of blinking
 e - a scroll of magic mapping {unknown}
 i - a scroll of identify {unknown}
Potions
 b - a potion of degeneration {unknown}
 g - a potion of ambrosia {unknown}
 l - a potion of curing {unknown}
Comestibles
 f - 4 rations
 h - 4 chunks of flesh


   Skills:
 + Level 3.4 Fighting
 - Level 2.0 Long Blades
 - Level 0.8 Throwing
 + Level 3.1 Dodging
 * Level 1.4 Shields
 + Level 2.9 Spellcasting
 + Level 3.4 Translocations


You had 7 spell levels left.
You knew the following spells:

 Your Spells              Type           Power        Failure   Level  Hunger
a - Blink                 Tloc           N/A          11%         2    ##.....

Your spell library contained the following spells:

 Spells                   Type           Power        Failure   Level  Hunger
 Shroud of Golubria       Chrm/Tloc      #.....       21%         2    ##.....
 Gell's Gravitas          Tloc           ##........   21%         3    ###....
 Lesser Beckoning         Tloc           ##........   21%         3    ###....
 Teleport Other           Tloc           ##......     21%         3    ###....
 Passage of Golubria      Tloc           N/A          56%         4    #####..


Dungeon Overview and Level Annotations

Branches:
Dungeon (2/15)

Altars:

Annotations:
D:2 Natasha


Innate Abilities, Weirdness & Mutations

Your plain brown scales are hard. (AC +5)
You cannot fit into any form of body armour.
You are cold-blooded and may be slowed by cold attacks.


Message History

* * * LOW HITPOINT WARNING * * *
Natasha closely misses you.
You riposte.
You closely miss Natasha.
Natasha is almost dead.
You hit Natasha but do no damage.
Natasha is almost dead.
Natasha claws you but does no damage.
The white imp hits you but does no damage.
You closely miss Natasha.
Your tail-slap misses Natasha.
Natasha is almost dead.
The white imp hits you.
* * * LOW HITPOINT WARNING * * *
The white imp freezes you.
* * * LOW HITPOINT WARNING * * *
Natasha mumbles some strange words.
You closely miss Natasha.
Your tail-slap misses Natasha.
Natasha is almost dead.
Natasha misses you. The white imp gestures at you. The puff of frost hits you.
You die...

.≈≈≈... #.# .#≈.♣. ### .# #.#
.♣.♣≈≈≈. #.? .. #†# ≈÷)#≈≈.##.#
#.# #. #.# ≈≈≈≈≈..≈≈.# #.# #
##.## #.# ..♣.≈≈≈≈≈.#####.## #.
#...# #.#
≈♣≈≈≈♣≈.≈........###.##...####.#
.≈≈.≈...#####...5.##........##.#
.#.....#####....@h.#.........).#
#..........................<####
..........##...5.(.#.##..÷###
.##...###.###.....##.##...#
.###..# #.# ##.......###.## ##
#..# #.# ##....)....(# #
#..###.## #.########## #
#.>##.#.## #.# # #..#.###.###.#


You could see Natasha, a white imp and a shadow imp.

Vanquished Creatures
  Terence (D:2)
  Natasha (twice) (D:2)
  2 adders (D:2)
  A worm (D:2)
  2 giant cockroaches
  11 goblins
  5 hobgoblins
  6 jackals
  4 kobolds
  A quokka (D:2)
  4 bats
  4 frilled lizards
  6 rats (D:1)
49 creatures vanquished.

Notes
Turn   | Place    | Note
-------+----------+-------------------------------------------
     0 | D:1      | Mrkan the Draconian Warper began the quest for the Orb.
     0 | D:1      | Reached XP level 1. HP: 17/17 MP: 3/3
    95 | D:1      | Reached XP level 2. HP: 18/25 MP: 5/5
   102 | D:1      | Learned a level 2 spell: Blink
   545 | D:1      | Reached XP level 3. HP: 30/30 MP: 6/6
   870 | D:2      | Noticed Terence
   887 | D:2      | Killed Terence
  1230 | D:2      | Reached XP level 4. HP: 33/38 MP: 8/8
  1569 | D:2      | Noticed Natasha
  1585 | D:2      | Killed Natasha
  1585 | D:2      | Reached skill level 1 in Shields
  1700 | D:2      | Noticed Natasha
  1707 | D:2      | Killed Natasha
  1707 | D:2      | Reached XP level 5. HP: 31/45 MP: 9/9
  1709 | D:2      | Noticed Natasha
  1721 | D:2      | Killed from afar by a white imp

Levels and vault maps discovered:
D:1:      elethiomel_arrival_infinity_welcomes_careful_drivers, layout_basic,
          st_stairs_1
D:2:      layout_loops_ring, serial_rivers, chequers_serial_rivers_small_3,
          chequers_serial_rivers_small_a, chequers_serial_rivers_marsh,
          chequers_serial_rivers_small_a, uniq_natasha, uniq_terence

Skill      XL: |  1  2  3  4 |
---------------+-------------+-----
Fighting       | 3 |  3.4
Dodging        | 3 |  3.1
Shields        | 1 |  1.4
Long Blades    | |  2.0
Throwing       | |  0.8
Spellcasting   | |  2.9
Translocations | |  3.4

Action                   |  1- 3 |  4- 6 || total
-------------------------+-------+-------++-------
Melee: Falchion          |    97 |    76 ||   173
       Tailslap          |     9 |    11 ||    20
 Cast: Blink             |     3 |       ||     3
  Use: Potion            |       |     1 ||     1
 Stab: Sleeping          |     3 |       ||     3
  Eat: Chunk             |     1 |     2 ||     3
Armor: Skin              |    29 |    18 ||    47
Dodge: Dodged            |    56 |    45 ||   101
Block: Buckler           |       |    13 ||    13
       Rpst.: Falchion   |    15 |    13 ||    28
